[Event "*** Titled Tuesday Blitz"]
[Site "Chess.com"]
[Date "2020.05.19"]
[Round "8"]
[White "ameetghasi100"]
[Black "Sanan_Sjugirov"]
[Result "0-1"]
[WhiteElo "2722"]
[BlackElo "2840"]
[TimeControl "180+1"]
[EndTime "13:37:29 PDT"]
[Termination "Sanan_Sjugirov won on time"]

1. Nf3 d5 2. g3 Bg4 3. Bg2 c6 4. O-O e6 5. b3 Nf6 6. Bb2 Be7 7. d3 a5 8. a3 O-O 9. Nbd2 c5 10. Ne5 Bh5 11.
c4 Nbd7 12. cxd5 exd5 13. d4 Re8 14. Ndf3 Nxe5 15. Nxe5 Bd6 16. Nf3 Qb6 17. e3 c4 18.
bxc4 Qxb2 19. c5 Bf8 20. Rb1 Qxa3 21. Rxb7 Rab8 22. Qb1 Rxb7 23. Qxb7 Qb4 24. Qc6 a4 25. Ne5 a3 26. Bxd5 Rd8 27. Bc4 Qb8 28. h3 Rc8 29. Qa6 Re8 30. Nc6 Qc7 31. Nb4 Qd7 32. Kh2 Qf5 33.
Qxa3 Bf3 34. Nd3 Qh5 35. Nf4 Qh6 36. Be2 Bxe2 37. Nxe2 Ng4+ 38. Kg2 Nf6 39. Nf4 g5 40. Nd3 g4 41. h4 Qg6 42. Nf4 Qe4+ 43. Kg1 Bh6 44. Qd3 Bxf4 45. Qxe4 Nxe4 46. gxf4 Ra8 47. Kg2 Kf8 48. c6 Ke7 49. Rc1 Kd6 50. f3 gxf3+ 51. Kxf3 f5 52. Rb1 Ra2 0-1

[Event "*** Titled Tuesday Blitz"]
[Site "Chess.com"]
[Date "2020.05.19"]
[Round "8"]
[White "MPGM"]
[Black "SameerMujumdar"]
[Result "1/2-1/2"]
[WhiteElo "2523"]
[BlackElo "2292"]
[TimeControl "180+1"]
[EndTime "13:37:29 PDT"]
[Termination "Game drawn - insufficient material"]

1. d4 Nf6 2. c4 g6 3. Nf3 Bg7 4. g3 O-O 5. Bg2 d6 6. O-O Nbd7 7. Qc2 e5 8. dxe5 dxe5 9. Rd1 Qe7 10. Nc3 c6 11. e4 Re8 12. h3 Nf8 13. Be3 b6 14.
c5 N6d7 15. b4 Ne6 16. Na4 b5 17. Nc3 a5 18. a3 axb4 19. axb4 Rxa1 20. Rxa1 Nd4 21.
Qd1 Nxf3+ 22. Bxf3 Rd8 23. Ra7 Qf8 24. Bg5 Bf6 25. Qc1 Qe7 26. h4 Bxg5 27. hxg5 Qe6 28. Nd1 Nf8 29. Ne3 Qb3 30. Kg2 Ne6 31. Ng4 Qxb4 32.
Nh6+ Kf8 33. Rxf7+ Ke8 34. Rxh7 Qxc5 35. Qa1 Nxg5 36.
Rh8+ Ke7 37. Ng8+ Kf7 38. Nh6+ Ke7 39. Rxd8 Kxd8 40. Qd1+ Ke7 41. Qd2 Nxf3 42. Kxf3 Qd6 43. Qg5+ Qf6+ 44. Qxf6+ Kxf6 45. Ng4+ Ke6 46. Ne3 b4 47.
Ke2 c5 48. Kd2 Ba6 49. f4 c4 50. Kc2 c3 51. Kb3 Bd3 52. f5+ gxf5 53. exf5+ Kf6 54.
g4 c2 55. Nxc2 Be2 56. Nxb4 Bxg4 57. Nd3 e4 58. Nc5 e3 59. Kc3 e2 60. Kd2 Kxf5 61.
Ke1 Kf4 62. Nb3 Ke3 63. Nc1 Bf3 64. Nxe2 1/2-1/2

[Event "*** Titled Tuesday Blitz"]
[Site "Chess.com"]
[Date "2020.05.19"]
[Round "8"]
[White "SaraciNderim"]
[Black "Funo09"]
[Result "0-1"]
[WhiteElo "2872"]
[BlackElo "2771"]
[TimeControl "180+1"]
[EndTime "13:37:32 PDT"]
[Termination "Funo09 won on time"]

1. d4 Nf6 2. Nf3 g6 3. g3 Bg7 4. Bg2 O-O 5. O-O d6 6. c4 Nbd7 7. Nc3 e5 8. dxe5 dxe5 9. Qc2 Re8 10. Nd2 Nc5 11. Nde4 Bf5 12. Be3 Ncxe4 13. Nxe4 Ng4 14.
Bd2 c6 15. Rad1 Qc7 16. h3 Nf6 17. Nxf6+ Bxf6 18. e4 Be6 19. Be3 Rad8 20. b3 Be7 21. c5 Rxd1 22. Rxd1 Rd8 23. Rxd8+ Qxd8 24. b4 a5 25. a3 axb4 26. axb4 Bg5 27. Bxg5 Qxg5 28. h4 Qd8 29. Qc3 Qd1+ 30. Kh2 f6 31. Bf3 Qf1 32. Qd2 Kg7 33. Bg2 Qc4 34. f4 exf4 35. gxf4 Bf7 36. Kg3 Qb3+ 37. Bf3 h6 38. e5 Qe6 39. Qd6 fxe5 40.
fxe5 Qf5 41. Bg4 Qf1 42. e6 Qg1+ 43. Kf4 Qf2+ 44. Ke4 Qe1+ 45. Kf3 Qf1+ 46. Kg3 Qg1+ 47. Kf4 Qf2+ 48. Ke4 Qe1+ 49. Kf3 h5 50. exf7 hxg4+ 51. Kxg4 Qe2+ 52. Kf4 Qf2+ 53. Ke4 Qxh4+ 0-1

[Event "*** Titled Tuesday Blitz"]
[Site "Chess.com"]
[Date "2020.05.19"]
[Round "8"]
[White "GameOverBro"]
[Black "Emolas-2020"]
[Result "1-0"]
[WhiteElo "2510"]
[BlackElo "2294"]
[TimeControl "180+1"]
[EndTime "13:37:34 PDT"]
[Termination "GameOverBro won on time"]

1. e4 c5 2. Ne2 Nc6 3. Nbc3 e5 4. Ng3 g6 5. Bc4 Bg7 6. d3 h6 7. f4 d6 8. O-O Nf6 9. h3 h5 10. f5 h4 11. fxg6 fxg6 12. Bg5 hxg3 13. Nd5 Rf8 14. Qf3 Nd4 15. Nxf6+ Bxf6 16. Qxf6 Rxf6 17. Rxf6 Qe7 18. Rxg6 Qh7 19. Rg8+ Kd7 20. Bd5 Ne6 21. Bxe6+ Kxe6 22. Rd8 Qg6 23. h4 b6 24. Rf1 Bb7 25. Rf6+ Qxf6 26. Bxf6 Kxf6 27. Rd7 Rb8 28. Rxd6+ Ke7 29.
Rg6 c4 30. Rxg3 cxd3 31. cxd3 Rh8 32. Rg7+ Kd6 33. Rxb7 Rxh4 34. Rxa7 Rf4 35. Ra3 Rf7 36. Rb3 Kc6 37. g3 Rf3 38. Kg2 Re3 39. g4 Re2+ 40. Kg3 Re1 41. g5 Rg1+ 42. Kh4 Rg2 43. Kh5 b5 44. g6 Kc5 45. Kh6 b4 46. g7 Rh2+ 47. Kg6 Rg2+ 48. Kf7 Rf2+ 49. Ke6 Rg2 50. Kxe5 Rxg7 51.
d4+ Kc4 52. d5 Re7+ 53. Kf4 Re8 54. d6 Kd4 55. e5 Rf8+ 56. Kg5 Kxe5 57. d7 Rg8+ 58. Kh6 Rd8 59. Rd3 Ke6 60. Kg5 Rxd7 61. Rxd7 Kxd7 62. Kf5 Kc6 63. Ke4 Kc5 64. Kd3 Kb5 65. Kd4 1-0

[Event "*** Titled Tuesday Blitz"]
[Site "Chess.com"]
[Date "2020.05.19"]
[Round "8"]
[White "PowerThinking2650"]
[Black "noblerone"]
[Result "1-0"]
[WhiteElo "2312"]
[BlackElo "2435"]
[TimeControl "180+1"]
[EndTime "13:37:35 PDT"]
[Termination "PowerThinking2650 won by checkmate"]

1. e4 c5 2. Nf3 e6 3. d4 cxd4 4. Nxd4 Qb6 5. Nc3 Bc5 6. Be3 Nc6 7. Na4 Qa5+ 8. c3 Bxd4 9. Bxd4 Nxd4 10. Qxd4 e5 11. Qd1 Nf6 12. b4 Qc7 13. Qd3 O-O 14. c4 b6 15. Be2 Bb7 16. f3 a5 17. b5 d6 18. Rd1 Rfd8 19. h4 Rab8 20. h5 h6 21. g4 Nh7 22. Qe3 Ba8 23. Kf2 Ng5 24. Rd2 Ne6 25. Rhd1 Nd4 26. Rxd4 exd4 27. Rxd4 Qe7 28.
Qd2 Qe5 29. f4 Qf6 30. Kg3 Qe7 31. Bf3 g6 32. hxg6 fxg6 33. Qd3 g5 34. Qe3 Rf8 35.
e5 gxf4+ 36. Rxf4 Rxf4 37. Qxf4 dxe5 38. Qxh6 Bxf3 39. Qg6+ Kf8 40. Qf5+ Kg8 41. Qg6+ Kh8 42. Qh6+ Qh7 43. Qf6+ Qg7 44. Qxg7+ Kxg7 45. Kxf3 Kf6 46. Ke4 Ke6 47. g5 Kd6 48. g6 Ke6 49. g7 Kf6 50. Nxb6 Rxb6 51. g8=Q Rd6 52. Qf8+ Ke6 53.
Qf5+ Ke7 54. Qxe5+ Kd7 55. Qxd6+ Kxd6 56. Kd4 Kc7 57. c5 Kb7 58. Kc4 Kc7 59. Kd5 Kb7 60. a4 Ka7 61. c6 Kb8 62. Kd6 Kc8 63. b6 Kd8 64. b7 Ke8 65. b8=Q+ Kf7 66. c7 Kf6 67.
c8=Q Kg5 68. Qe8 Kh4 69. Qbd8+ Kh3 70. Qde7 Kh2 71. Q8f8 Kh3 72. Qeg7 Kh4 73. Qfh8# 1-0

[Event "*** Titled Tuesday Blitz"]
[Site "Chess.com"]
[Date "2020.05.19"]
[Round "8"]
[White "Lion-Al-Messi"]
[Black "DivyaDeshmukh23"]
[Result "1-0"]
[WhiteElo "2342"]
[BlackElo "2453"]
[TimeControl "180+1"]
[EndTime "13:37:36 PDT"]
[Termination "Lion-Al-Messi won on time"]

1. e4 c5 2. Nf3 d6 3. d4 cxd4 4. Nxd4 Nf6 5. Nc3 Nc6 6. Bg5 e6 7. Qd2 a6 8. O-O-O Be7 9. f4 Bd7 10. Nf3 b5 11. Bxf6 gxf6 12. Bd3 Qb6 13. Rde1 O-O-O 14.
Kb1 Kb7 15. Re2 Qc5 16. Rd1 h5 17. Ree1 Bf8 18. a3 Bh6 19. g3 Bg7 20. Na2 Rc8 21.
Nb4 Nxb4 22. axb4 Qc7 23. e5 fxe5 24. fxe5 d5 25. c3 a5 26. bxa5 Qxa5 27. Nd4 Ra8 28. Nb3 Qa4 29. Nc5+ Kc6 30. Nxa4 Rxa4 31. Bc2 Ra6 32.
Bb3 Kc7 33. Qd4 Rha8 34. Qc5+ Kd8 35. Rf1 Ke8 36. Rf3 Bf8 37. Qd4 b4 38. Qf4 Be7 39.
Qxf7+ Kd8 40. Kc2 bxc3 41. bxc3 Be8 42. Qg7 R8a7 43. Rf8 Bxf8 44. Qxf8 Rf7 45. Qc5 Rc7 46. Qb4 Bg6+ 47. Kb2 Raa7 48. Rf1 Rab7 49. Rf8+ Be8 50.
Qd6+ Rd7 51. Qxe6 Re7 52. Qxd5+ Red7 53. Qg8 Re7 54. e6 Ra7 55. Qg5 Rb7 56. Kc2 Ra7 57.
Bc4 Rc7 58. Qd5+ Kc8 59. Ba6+ 1-0

[Event "*** Titled Tuesday Blitz"]
[Site "Chess.com"]
[Date "2020.05.19"]
[Round "8"]
[White "SuperCheese"]
[Black "Bacyanide"]
[Result "0-1"]
[WhiteElo "2553"]
[BlackElo "2450"]
[TimeControl "180+1"]
[EndTime "13:37:37 PDT"]
[Termination "Bacyanide won by resignation"]

1. d4 d5 2. c4 e6 3. Nf3 Nf6 4. Nc3 c5 5. cxd5 exd5 6. g3 Nc6 7. Bg2 cxd4 8. Nxd4 Bc5 9. Nxc6 bxc6 10. O-O O-O 11.
Na4 Bd6 12. Be3 Re8 13. Rc1 Bd7 14. Nc5 Qe7 15. Re1 Bf5 16. Bd4 Rac8 17. b4 Ne4 18. Nxe4 Bxe4 19. Bc5 Bxg2 20. Kxg2 h5 21. Bxd6 Qxd6 22. Rc5 h4 23. Qd3 Re6 24. Rec1 Rh6 25.
Rxd5 Qxb4 26. Rd8+ Rxd8 27. Qxd8+ Kh7 28. Qd3+ g6 29.
Rxc6 hxg3 30. hxg3 Qe1 31. Kf3 Qh1+ 32. Ke3 Rh5 33.
Rc7 Re5+ 34. Kf4 Rf5+ 35. Ke3 Qg2 36. f3 Qxg3 37. Qd7 Qe5+ 38. Kf2 Qh2+ 39. Ke3 Qe5+ 40. Kf2 Kg7 41. Qe7 Qxe7 42. Rxe7 Ra5 43. Rb7 Rxa2 44.
Ke3 a5 45. Ra7 a4 46. Kf4 a3 47. e4 Ra1 48. e5 Kf8 49. Ra6 a2 50. Ra7 Ke8 51.
Ra8+ Ke7 52. Ra7+ Ke6 53. Ra6+ Kd5 54. Ra7 Kd4 55. Rd7+ Kc5 56. Ra7 g5+ 57. Kf5 g4 58. Kxg4 Rg1+ 59. Kf5 a1=Q 60. Rxa1 Rxa1 61. Kf6 Ra7 62.
f4 Kd5 63. f5 Rb7 64. e6 fxe6 65. fxe6 Rb6 0-1

[Event "*** Titled Tuesday Blitz"]
[Site "Chess.com"]
[Date "2020.05.19"]
[Round "8"]
[White "Mr_Sinigami"]
[Black "VolodymyrMolyboha"]
[Result "1-0"]
[WhiteElo "2577"]
[BlackElo "2410"]
[TimeControl "180+1"]
[EndTime "13:37:37 PDT"]
[Termination "Mr_Sinigami won by resignation"]

1. d4 g6 2. Nf3 Bg7 3. Bf4 c5 4.
e3 Nf6 5. c3 b6 6. h3 Bb7 7. a4 a6 8. Be2 O-O 9. O-O d6 10. Na3 Nbd7 11. Bh2 Ra7 12. Nd2 Qa8 13. Bf3 Rb8 14. Re1 Bxf3 15. Nxf3 b5 16. a5 Ne4 17.
dxc5 Ndxc5 18. Nc2 Na4 19. Qb1 Rc8 20. Nb4 Rac7 21.
Nd4 Rc4 22. f3 Nf6 23. Bg3 Nd5 24. Bf2 Nxb4 25. cxb4 Rxb4 26. b3 Nc5 27. Qd1 Qd5 28. e4 Rxd4 29. exd5 Rxd1 30. Raxd1 Nxb3 31. Rxe7 Nxa5 32. Ra7 Be5 33. Rxa6 Nc4 34. g3 g5 35. Kg2 Kg7 36.
Rb1 Rb8 37. Rc6 Na3 38. Rb3 b4 39. Rb6 Rxb6 40. Bxb6 Bc3 41. Ba5 Nc2 42. Kf1 Kf6 43. Rb1 Ke5 44. Ke2 Kxd5 45. Kd3 Nd4 46. Bxb4 Bxb4 47. Rxb4 Ne6 48. Ke3 f5 49. Rb7 h5 50.
f4 gxf4+ 51. gxf4 Kc6 52. Rh7 d5 53. Rxh5 d4+ 54. Kf3 Kd6 55. Rxf5 Nc5 56. Rxc5 Kxc5 57. Ke2 1-0

[Event "*** Titled Tuesday Blitz"]
[Site "Chess.com"]
[Date "2020.05.19"]
[Round "8"]
[White "Azatic"]
[Black "RubensCezila"]
[Result "0-1"]
[WhiteElo "2596"]
[BlackElo "2474"]
[TimeControl "180+1"]
[EndTime "13:37:38 PDT"]
[Termination "RubensCezila won by checkmate"]

1. e4 c6 2. d4 d5 3. e5 Bf5 4. Nf3 h6 5. Be2 e6 6. O-O Nd7 7. b3 Ne7 8. c4 a5 9. Nc3 Nc8 10. Bd3 Bxd3 11. Qxd3 Be7 12. Ne2 a4 13. Be3 Qa5 14.
Rac1 Ncb6 15. Nf4 Rc8 16. c5 Na8 17. Bd2 Qa7 18. Nh5 Bf8 19. b4 Nc7 20. Nh4 Qa6 21. Qe3 g6 22. Nf6+ Nxf6 23. exf6 b6 24. Rfe1 bxc5 25. bxc5 Rb8 26. Qg3 Qb7 27. Bf4 Rc8 28. Bd6 Nb5 29. Bxf8 Rxf8 30. Qe3 g5 31. Nf3 Qd7 32. Ne5 Qd8 33. Ng4 h5 34. Ne5 Qxf6 35. Rb1 Qf4 36. Nxc6 Qxe3 37. fxe3 Nc3 38. Rb6 f6 39.
Nb4 Kf7 40. Rb7+ Kg6 41. Rf1 f5 42. c6 f4 43. exf4 Ne2+ 44. Kh1 Nxd4 45. g3 gxf4 46. gxf4 e5 47. Rg1+ Kf5 48. fxe5 Kxe5 49. Re1+ Kf4 50.
Rh7 Nf3 51. Rf1 Rce8 52. c7 Re1 53. Rxe1 Nxe1 54. Nxd5+ Ke5 55. Rd7 Rf1# 0-1

[Event "*** Titled Tuesday Blitz"]
[Site "Chess.com"]
[Date "2020.05.19"]
[Round "8"]
[White "Gvetadze"]
[Black "petrkostenko"]
[Result "0-1"]
[WhiteElo "2398"]
[BlackElo "2537"]
[TimeControl "180+1"]
[EndTime "13:37:39 PDT"]
[Termination "petrkostenko won on time"]

1. Nf3 e6 2. g3 f5 3. Bg2 Nf6 4. O-O d5 5. d3 Be7 6. Nbd2 O-O 7. e4 dxe4 8. dxe4 Nxe4 9. Nxe4 Qxd1 10. Rxd1 fxe4 11.
Ng5 Nc6 12. Bxe4 h6 13. Nf3 Bf6 14. c3 a5 15. Be3 a4 16. Bc5 Re8 17. Bg6 Rd8 18.
Rxd8+ Nxd8 19. Rd1 b6 20. Ba3 Bb7 21. Nd4 Bd5 22.
Nb5 Rc8 23. Be8 Nb7 24. Bg6 c6 25. Nd6 Nxd6 26. Bxd6 Bxa2 27. h4 Bd5 28. Ra1 b5 29. Bc5 Rd8 30. h5 Bf3 31. Bb6 Rd2 32. Re1 e5 33.
Rb1 e4 34. Kh2 a3 35. bxa3 Bxc3 36. Rc1 Rd3 37. Be3 Kf8 38. Kh3 Ke7 39. Bc5+ Kd7 40. Be3 Kd6 41. Bf4+ Kd7 42. Be3 Be5 43. Rc5 Bd6 44.
Rf5 Bxa3 45. Rf7+ Ke6 46. Rxg7 b4 47. Bf7+ Kf6 48. Bxh6 b3 0-1

[Event "*** Titled Tuesday Blitz"]
[Site "Chess.com"]
[Date "2020.05.19"]
[Round "8"]
[White "Tormoz"]
[Black "Andreikka"]
[Result "0-1"]
[WhiteElo "2680"]
[BlackElo "2950"]
[TimeControl "180+1"]
[EndTime "13:37:40 PDT"]
[Termination "Andreikka won by resignation"]

1. d4 Nf6 2. Nf3 d5 3. c4 e6 4. g3 Bb4+ 5. Nc3 Be7 6. Bg2 O-O 7. O-O Nbd7 8. Ne5 c6 9. e4 dxc4 10. Nxc4 b5 11. Ne3 Bb7 12. e5 Nd5 13. Nexd5 cxd5 14. Nxb5 Ba6 15. a4 Qb6 16. Qd3 Rfc8 17. Bd2 Rc4 18.
b3 Bxb5 19. bxc4 Bxc4 20. Qc3 Bxf1 21. Bxf1 a5 22. Bb5 Bb4 23. Qb2 Bxd2 24. Qxd2 Nf8 25. Rc1 Ng6 26. Rc6 Qd8 27. Qc3 Ne7 28. Rd6 Qc8 29. Qxc8+ Rxc8 30. Ra6 Nf5 31. Rxa5 Nxd4 32. Kg2 g5 33. Bd7 Rc1 34. Ra7 g4 35. h3 h5 36.
hxg4 hxg4 37. Bb5 Nf3 38. Bf1 Nxe5 39. a5 Nf3 40. a6 Ra1 41. Rb7 Kg7 42. a7 Kf6 43.
Rc7 d4 44. Rd7 d3 45. a8=Q Rxa8 46. Bxd3 Ra1 47. Bf1 Kg6 48. Bd3+ f5 49. Bf1 Kf6 50. Rd6 Ke7 51. Rb6 Kf6 52. Rd6 Re1 53. Ra6 Kg5 54.
Rb6 e5 55. Rb8 f4 56. Rg8+ Kh5 57. Rh8+ Kg6 58. Rg8+ Kf5 59. Rf8+ Ke4 60. gxf4 Nh4+ 61. Kg3 Nf5+ 62. Kxg4 Rxf1 63. f3+ Rxf3 64. fxe5 Ne3+ 65. Kg5 Rxf8 66. e6 Nd5 0-1

[Event "*** Titled Tuesday Blitz"]
[Site "Chess.com"]
[Date "2020.05.19"]
[Round "8"]
[White "chessablanca"]
[Black "Harry_Rakkel"]
[Result "0-1"]
[WhiteElo "2448"]
[BlackElo "2575"]
[TimeControl "180+1"]
[EndTime "13:37:40 PDT"]
[Termination "Harry_Rakkel won by checkmate"]

1. g3 d5 2. Bg2 e5 3. c4 Nf6 4. cxd5 Nxd5 5. Nc3 Nb6 6. Nf3 Nc6 7. O-O Be7 8. d3 O-O 9. b3 Re8 10. Bb2 Bg4 11.
h3 Bh5 12. Rc1 Bf8 13. g4 Bg6 14. a3 h5 15. b4 hxg4 16. hxg4 a5 17. b5 Nd4 18. Nxd4 exd4 19. Ne4 Nd5 20. Bxd4 Nf4 21. Be3 Nxg2 22. Kxg2 Bxa3 23. Ra1 Bb2 24. Rb1 Bd4 25. Bxd4 Qxd4 26. e3 Bxe4+ 27. dxe4 Qxe4+ 28. Qf3 Qxf3+ 29. Kxf3 Kf8 30. Rfc1 Rec8 31. Rc5 a4 32. Ra1 Ra5 33. Ke4 a3 34. Kd4 b6 35. Rd5 a2 36. e4 Rca8 37.
Kc3 Ke7 38. f3 f6 39. Kb2 Ra4 40. Rd2 Ra3 41. Rc2 Kd7 42. Rd2+ Kc8 43. Rf2 R8a5 44. f4 R3a4 45. Kc3 Rxe4 46. Raxa2 Rxa2 47. Rxa2 Rxf4 48.
Rg2 g5 49. Kb3 Kd7 50. Kc3 Ke7 51. Kb3 Kd6 52. Rd2+ Kc5 53. Rd7 Kxb5 54. Rxc7 Rxg4 55. Rf7 Rf4 56. Kc3 Kc5 57. Kd3 b5 58. Rc7+ Kd6 59.
Rb7 b4 60. Ke3 Ke5 61. Rb5+ Ke6 62. Rb6+ Kf5 63. Rb5+ Kg4 64. Rb6 Kg3 65. Rb5 Rc4 66. Rf5 Rf4 67. Rc5 g4 68. Rc1 Rf3+ 69. Ke4 f5+ 70.
Kd4 b3 71. Rg1+ Kh2 72. Rb1 g3 73. Ke5 g2 74. Rb2 Kh1 75. Rb1+ g1=Q 76. Rxg1+ Kxg1 77. Kd4 b2 78. Ke5 b1=Q 79. Kf6 Qb6+ 80. Kg5 Rg3+ 81. Kh4 Rg4+ 82. Kh5 Qg6# 0-1

[Event "*** Titled Tuesday Blitz"]
[Site "Chess.com"]
[Date "2020.05.19"]
[Round "8"]
[White "wild_cat99"]
[Black "Shuvalov"]
[Result "1/2-1/2"]
[WhiteElo "2561"]
[BlackElo "2433"]
[TimeControl "180+1"]
[EndTime "13:37:40 PDT"]
[Termination "Game drawn by repetition"]

1. Nf3 d5 2. e3 c5 3. b3 Nc6 4. Bb5 Nf6 5. O-O Bg4 6. d4 e6 7. Nbd2 cxd4 8. exd4 Bd6 9. h3 Bh5 10. Re1 O-O 11. Bb2 Qc7 12. Bd3 Nb4 13. g4 Nxd3 14.
cxd3 Bg6 15. Ne5 Bxe5 16. dxe5 Nd7 17. d4 Qc2 18. Qxc2 Bxc2 19. Rac1 Rfc8 20. f4 Rc6 21. Nf1 Rac8 22. Ne3 Be4 23. Rxc6 Rxc6 24. f5 h6 25. Kf2 Nb8 26. Ke2 Na6 27. a3 Nc7 28. Kd2 Na6 29. Bc3 Rb6 30. b4 Nb8 31. a4 Rc6 32. b5 Rc8 33. a5 a6 34. b6 Nc6 35. Rf1 Ne7 36.
Bb4 Nc6 37. Rc1 Re8 38. Rxc6 bxc6 39. Bd6 g6 40. b7 gxf5 41. gxf5 exf5 42. b8=Q Rxb8 43.
Bxb8 Kg7 44. Nd1 Kg6 45. Nf2 Kg5 46. Nd3 f4 47. Nc5 f3 48. Ke3 Kh4 49. Nxa6 Kg3 50. Nc5 f2 51. e6+ Kg2 52. Nxe4 dxe4 53. e7 f1=Q 54.
e8=Q Qf3+ 55. Kd2 Qd3+ 56. Kc1 Qc3+ 57. Kb1 Qb3+ 58. Kc1 Qc3+ 59. Kb1 Qb3+ 60. Ka1 Qa3+ 61. Kb1 Qb3+ 1/2-1/2

[Event "*** Titled Tuesday Blitz"]
[Site "Chess.com"]
[Date "2020.05.19"]
[Round "8"]
[White "vanea_03"]
[Black "nabukatnezarr"]
[Result "0-1"]
[WhiteElo "2632"]
[BlackElo "2537"]
[TimeControl "180+1"]
[EndTime "13:37:41 PDT"]
[Termination "nabukatnezarr won by resignation"]

1. d4 e6 2. c4 Nf6 3. g3 c5 4.
Nf3 cxd4 5. Nxd4 d5 6. Bg2 e5 7. Nf3 d4 8. O-O Nc6 9. e3 Be7 10. exd4 exd4 11. a3 Be6 12. b4 Bxc4 13. Re1 O-O 14.
Nbd2 Be6 15. Bb2 Qd7 16. Nb3 d3 17. b5 Nd8 18. Nbd4 Bd5 19. Qxd3 Ne6 20. Nxe6 Bxe6 21.
Qxd7 Nxd7 22. Nd4 Nc5 23. Nxe6 fxe6 24. Rad1 Bf6 25. Bxf6 Rxf6 26. Re5 Rc8 27. f4 b6 28.
Bc6 Rff8 29. Ree1 Rcd8 30. a4 Kf7 31. a5 Ke7 32. axb6 axb6 33. Ra1 Kf6 34. Re2 Rd4 35. Ra7 Rfd8 36. Kf2 h6 37. h3 Nd3+ 38. Kg2 Nc5 39. Raa2 g5 40. fxg5+ hxg5 41. Bf3 e5 42. Bg4 e4 43.
Rf2+ Kg6 44. Bf5+ Kg7 45. Ra7+ Kg8 46. Bh7+ Kh8 47. Bf5 Rd2 48. Re7 Rxf2+ 49. Kxf2 Rd2+ 50. Ke1 Rd3 51. Rh7+ Kg8 52. g4 Re3+ 53. Kf2 Rf3+ 54. Kg2 Rb3 55. Rh5 Rb2+ 56. Kf1 Rb1+ 57. Ke2 Rb2+ 58. Kd1 Kg7 59. Rxg5+ Kf6 60. Rg6+ Ke5 61.
Re6+ Kf4 62. h4 Rh2 63. h5 e3 64. h6 Nb3 65. h7 Kf3 66. Be4+ Kg3 67. Bf5 Rh1+ 68.
Kc2 Nd4+ 69. Kd3 Nxe6 70. Bxe6 Rxh7 71. Bf5 Re7 72. Ke2 Kf4 73. Bc8 Re5 74. Bd7 Rd5 75.
Bc6 Rd2+ 76. Ke1 Kxg4 0-1

[Event "*** Titled Tuesday Blitz"]
[Site "Chess.com"]
[Date "2020.05.19"]
[Round "8"]
[White "PauloFanha"]
[Black "tomozupan"]
[Result "0-1"]
[WhiteElo "1952"]
[BlackElo "2184"]
[TimeControl "180+1"]
[EndTime "13:37:42 PDT"]
[Termination "tomozupan won by resignation"]

1. e4 e5 2. Bc4 Nc6 3. Nf3 Bb4 4.
O-O Nf6 5. c3 Bc5 6. d4 Bd6 7.
dxe5 Bxe5 8. Nxe5 Nxe5 9. f4 Nxc4 10. e5 Ne4 11. Qd5 O-O 12. Qxe4 d5 13. Qd3 f6 14. b3 Nb6 15. exf6 Qxf6 16. Ba3 Re8 17. Nd2 Bf5 18. Qd4 Qxd4+ 19. cxd4 Re2 20. Rf2 Rae8 21. Raf1 a5 22. Rxe2 Rxe2 23. Rf2 Re3 24. h3 a4 25. g4 Be4 26. Bc5 axb3 27. Nxb3 Nc4 28. f5 Re1+ 29. Kh2 Ne3 30. Kg3 b6 31. Bb4 Rg1+ 32. Kf4 Nc2 33. Be7 Ne1 34. Re2 Nd3+ 35. Kg5 Kf7 36. Bd8 h6+ 37. Kh5 Nf4+ 38. Kh4 Nxe2 39. Nd2 Rh1 40. Nxe4 dxe4 41. Bxc7 e3 42. Bxb6 Nxd4 43. Bxd4 e2 44. Bf2 e1=Q 45. Bxe1 Rxe1 46. a4 Ra1 47. Kh5 Rxa4 48.
h4 Ra5 49. g5 Rxf5 50. Kg4 Ra5 51. gxh6 gxh6 52. h5 Kf6 53. Kh4 Kf5 54. Kg3 Ra4 55. Kf3 Ra3+ 56. Ke2 Ke4 57. Kd2 Rh3 58. Kc2 Kd4 59.
Kb2 Kc4 60. Ka2 Rb3 61. Ka1 Kc3 0-1

[Event "*** Titled Tuesday Blitz"]
[Site "Chess.com"]
[Date "2020.05.19"]
[Round "8"]
[White "Corpescador"]
[Black "andriipalchuk"]
[Result "0-1"]
[WhiteElo "2354"]
[BlackElo "2046"]
[TimeControl "180+1"]
[EndTime "13:37:43 PDT"]
[Termination "andriipalchuk won by resignation"]

1. e4 c6 2. Nc3 d5 3. Nf3 dxe4 4. Nxe4 Nf6 5. Qe2 Nxe4 6. Qxe4 Qd5 7. Qf4 Qf5 8. d3 Qxf4 9. Bxf4 f6 10. g3 e5 11. Bd2 Be6 12. Bg2 Nd7 13. a4 a5 14.
O-O Bc5 15. Rfe1 Kf7 16. Re2 Rhe8 17. Rae1 Nb6 18. b3 Nd5 19. h3 b6 20. Kh2 Ra7 21. Nh4 g6 22. Nf3 Rae7 23. Ng1 Bd6 24. Nf3 Bd7 25. Rd1 Kg7 26. Be1 h6 27. Ra1 f5 28. Bd2 g5 29. Ne1 Kg6 30. Nf3 e4 31. dxe4 fxe4 32. Nd4 e3 33. fxe3 Nxe3 34. Rae1 Nf5 35. Rxe7 Bxg3+ 36. Kh1 Rxe7 37. Rxe7 Nxe7 38. Be3 Be5 39. Nf3 Bc7 40. Nd2 Nf5 41. Be4 Kf6 42.
Bf2 Ng3+ 43. Kg2 Nxe4 44. Nxe4+ Ke5 45. Nd2 Kd5 46. c4+ Ke6 47. Ne4 c5 48. Nc3 Bc6+ 49. Kf1 Be5 50. Ne2 Kf5 51. Bg3 h5 52. Bxe5 Kxe5 53. Ng3 Be8 54. Ke2 Kf4 55. Nf1 Bd7 56. Kf2 Bxh3 57. Ne3 Be6 58. Nf1 h4 59. Nd2 g4 60.
Nf1 g3+ 61. Kg1 h3 62. Nd2 Bg4 63. Kf1 Bf5 64. Ke2 h2 0-1

[Event "*** Titled Tuesday Blitz"]
[Site "Chess.com"]
[Date "2020.05.19"]
[Round "8"]
[White "XiaoKangZhong"]
[Black "FeketeBarika"]
[Result "1-0"]
[WhiteElo "2407"]
[BlackElo "2258"]
[TimeControl "180+1"]
[EndTime "13:37:44 PDT"]
[Termination "XiaoKangZhong won by resignation"]

1. e4 e6 2. d4 d5 3. Nd2 Be7 4. Bd3 c5 5. c3 Nc6 6. Ngf3 cxd4 7.
cxd4 dxe4 8. Nxe4 Nf6 9. O-O O-O 10. a3 a6 11. Nxf6+ Bxf6 12. Be3 b5 13. Rc1 Bb7 14.
Be4 Rc8 15. Ne5 Na5 16. Qf3 Bxe4 17. Qxe4 Nb3 18. Rxc8 Qxc8 19. Qd3 Na5 20. b4 Nb7 21. Rc1 Qd8 22. Qe4 Nd6 23. Qc6 Bxe5 24. dxe5 Nc4 25.
Bc5 Re8 26. Qxa6 Nxe5 27. Qxb5 h6 28. a4 Qa8 29. a5 Rd8 30. Rf1 Nd3 31. Bb6 Rd5 32.
Qc4 g6 33. b5 Ne5 34. Qb3 Nd7 35. Bc7 Qb7 36. b6 Rxa5 37. Qd3 Rd5 38. Qb3 Nc5 39. Qb5 Na6 40. Qe8+ Kg7 41. Qe7 Nxc7 42. bxc7 Qc6 43. Qd8 Rc5 44. Qd4+ e5 45. Qe3 Qxc7 46. f3 Qe7 47. Qf2 Rc7 48. Re1 Rd7 49. Qb2 f6 50. Qe2 Qc5+ 51. Kh1 Rf7 52. h3 Qd6 53. Qe4 Qd4 54.
Qxd4 exd4 55. Rd1 Rd7 56. Kg1 f5 57. Kf2 Kf6 58. f4 Ke6 59. Ke2 Kd5 60. Kd3 Ra7 61.
Rb1 Ra3+ 62. Kd2 Ke4 63. Rb6 Ra2+ 64. Kc1 Kd3 65. Rxg6 Ra1+ 66. Kb2 Rf1 67. Rxh6 Kd2 68. Rd6 d3 69. Rd4 Rxf4 70. Rxf4 Ke2 71. Rxf5 d2 72. Rd5 d1=Q 73. Rxd1 Kxd1 74. h4 1-0

[Event "*** Titled Tuesday Blitz"]
[Site "Chess.com"]
[Date "2020.05.19"]
[Round "8"]
[White "Sychev_Klementy"]
[Black "Dhaydon19"]
[Result "1-0"]
[WhiteElo "2844"]
[BlackElo "2723"]
[TimeControl "180+1"]
[EndTime "13:37:45 PDT"]
[Termination "Sychev_Klementy won on time"]

1. e4 c6 2. d4 d5 3. e5 Bf5 4.
Nf3 e6 5. Be2 Nd7 6. O-O Ne7 7.
Nh4 Bg6 8. Nd2 Nf5 9. Nxg6 hxg6 10. Nf3 Nh4 11. Ne1 c5 12. c3 a6 13. g3 Nf5 14.
Nf3 Rc8 15. Kg2 Be7 16. h4 Qb6 17. Rb1 cxd4 18. cxd4 Rc3 19. Bf4 Rxf3 20. Bxf3 Qxd4 21. Qxd4 Nxd4 22. Rbc1 Nc6 23. Rfe1 O-O 24. Bd1 Rc8 25. Re2 Nc5 26. Bc2 Rd8 27. Rd2 Nb4 28. Bb1 Nc6 29. Rdd1 Nd7 30. Re1 Bc5 31. Bd3 Ra8 32. Bc2 Nb6 33.
Bb3 Bd4 34. Be3 Bxe3 35. Rxe3 Kf8 36. f4 Ke7 37. Rec3 Kd7 38. Kf2 a5 39. a3 a4 40. Bd1 Nc8 41. Be2 N8a7 42. Rc5 Kc7 43. Bd1 Kb6 44. R5c3 Nc8 45. Be2 N8e7 46. Rh1 Nf5 47. h5 gxh5 48. Rxh5 Nfd4 49. Bd1 Nb5 50. Rc1 Nc7 51. Rh7 Ne8 52. Rh8 g6 53. Rf8 Nc7 54. Rxa8 1-0

[Event "*** Titled Tuesday Blitz"]
[Site "Chess.com"]
[Date "2020.05.19"]
[Round "8"]
[White "viktorskliarov"]
[Black "White_Ghost"]
[Result "0-1"]
[WhiteElo "2573"]
[BlackElo "2469"]
[TimeControl "180+1"]
[EndTime "13:37:47 PDT"]
[Termination "White_Ghost won on time"]

1. e4 e5 2. Nc3 Nc6 3. Bc4 Nf6 4. d3 Bc5 5. a3 a6 6. h3 d6 7. Nge2 O-O 8. Ng3 Nd4 9. O-O Kh8 10. b4 Ba7 11.
Nce2 Ng8 12. Nxd4 Bxd4 13. Rb1 f5 14. exf5 Bxf5 15. Nxf5 Rxf5 16. Be3 Bxe3 17. fxe3 Qg5 18. Rxf5 Qxf5 19. Qf1 Ne7 20. e4 Qg5 21. Kh2 Ng6 22. g3 Rf8 23. Qg2 h5 24. Rf1 Rxf1 25. Qxf1 h4 26.
g4 Qd2+ 27. Qg2 Qe3 28. g5 Nf4 29. Qg4 Qf2+ 30. Kh1 Qf1+ 31. Kh2 Qe2+ 32. Qxe2 Nxe2 33. Be6 Nd4 34. Bc8 Nxc2 35. Bxb7 Nxa3 36. Bxa6 Nc2 37. b5 Nb4 38. Bc8 Nxd3 39. Be6 Nc5 40. Bd5 Kh7 41.
Kg2 Kg6 42. Kf3 Kxg5 43. Ke3 Kh5 44. Bf7+ Kg5 45. Be8 Kf6 46. Bc6 g5 47. Kf3 Ne6 48. Kg4 Nd4 49. Bd7 Ke7 50. Bc8 Nxb5 51. Kxg5 c5 52. Kxh4 c4 53. Ba6 Na3 54. Kg5 c3 55.
Bd3 c2 56. Bxc2 Nxc2 57. h4 Kf7 58. h5 Kg7 59. h6+ Kh7 60. Kf6 d5 61. exd5 e4 62. d6 Nb4 0-1